 Dungeon Crawl Stone Soup version 0.30-a0-728-gc68057be0a (webtiles) character file.

Game seed: 12846536423516435486

33752 Laraso the Protected (level 13, 0/180 HPs)
             Began as an Armataur Berserker on Feb 1, 2023.
             Was a High Priest of Trog.
             Succumbed to a cane toad's poison
             ... on level 5 of the Lair of Beasts.
             The game lasted 00:20:51 (16743 turns).

Laraso the Protected (Armataur Berserker)          Turns: 16743, Time: 00:20:51

Health: 0/180      AC: 27    Str: 33    XL:     13   Next: 38%
Magic:  13/13      EV: 11    Int: 12    God:    Trog [*****.]
Gold:   952        SH:  5    Dex:  9    Spells: 12/12 levels left

rFire   . . .      SeeInvis .    a - +5 dire flail
rCold   . . .      Faith    .    (shield currently unavailable)
rNeg    . . .      Spirit   .    z - +0 crystal plate armour
rPois   .          Reflect  +    A - +2 helmet {Int+3}
rElec   .          Harm     .    E - +0 cloak
rCorr   .          Roll     +    f - +1 pair of gloves
Will    .....                    (no barding) Stlth
                                 D - amulet of reflection
HPRegen 0.50/turn                n - +5 ring of evasion
MPRegen 0.13/turn                t - +6 ring of strength

@: berserking (expiring), lethally poisoned (0 -> -4), very quick
A: large, rugged brown scales 3, deformed body, armoured tail, roll, long
tongue, awkward tongue
a: Renounce Religion, Berserk, Trog's Hand, Brothers in Arms


You were on level 5 of the Lair of Beasts.
You worshipped Trog.
Trog was extremely pleased with you.
You visited 2 branches of the dungeon, and saw 16 of its levels.
You also visited: Sewer and Bailey.

You collected 981 gold pieces.
You spent 29 gold pieces at shops.

Inventory:

Hand Weapons
 a - a +5 dire flail (weapon)
Missiles
 e - 5 throwing nets (quivered)
Armour
 f - a +1 pair of gloves (worn)
 z - a +0 crystal plate armour (worn)
 A - a +2 helmet of intelligence (worn)
 E - a +0 cloak (worn)
Jewellery
 n - a +5 ring of evasion (left hand)
 o - a ring of protection from cold
 t - a +6 ring of strength (right hand)
 D - an amulet of reflection (around neck)
 I - a ring of positive energy
 L - an amulet of faith
Wands
 b - a wand of digging (6)
 q - a wand of iceblast (19)
 v - a wand of paralysis (12)
 w - a wand of polymorph (26)
 x - a wand of quicksilver (8)
 C - a wand of flame (22)
Scrolls
 d - 3 scrolls of fear
 j - 4 scrolls of fog
 k - 2 scrolls of enchant armour
 p - 3 scrolls of vulnerability
 y - 3 scrolls of teleportation
 B - a scroll of brand weapon
 G - 2 scrolls of magic mapping
 H - 2 scrolls of enchant weapon
 J - a scroll of torment
 K - a scroll of summoning
 M - a scroll of blinking
Potions
 c - a potion of invisibility
 g - 4 potions of attraction
 h - 2 potions of mutation
 i - 7 potions of curing
 l - 3 potions of berserk rage
 m - 6 potions of heal wounds
 r - a potion of ambrosia
 s - a potion of lignification
 u - 3 potions of cancellation
 F - 3 potions of might
 N - 3 potions of flight
 P - a potion of resistance


   Skills:
 - Level 10.0 Fighting
 - Level 14.0 Maces & Flails
 * Level 14.6 Armour
 - Level 5.0 Dodging
 - Level 5.0 Evocations


You had 12 spell levels left.
You didn't know any spells.
Your spell library was empty.

Dungeon Overview and Level Annotations

Branches:
Dungeon (11/15)            Temple (0/1) D:5            Lair (5/5) D:8
 Shoals (0/4) Lair:2        Snake (0/4) Lair:2        Slime (0/5) Lair:4
    Orc (0/2) D:9           Sewer (visited)          Bailey (visited)

Altars:
Dithmenos
Gozag
Okawaru
Ru

Shops:
D:1 *   D:5 !![[[[   D:8 *

Annotations:
D:11 Urug; hikkokomori's ghost, journeyman TeGl
Lair:2 2 transporters, hikkokomori's ghost, journeyman AtFi


Innate Abilities, Weirdness & Mutations

You are completely covered in rugged brown scales. (AC +3, +7% HP)
Armour fits poorly on your strangely shaped body.
You have a long armoured tail.
You roll when moving toward enemies. (Rampage)
Your long tongue fully drains potion bottles. (2x potion effects)
Your tongue gives you trouble enunciating. (1.5x scroll delay)


Message History

The vampire mosquito bites you.
* * * LOW HITPOINT WARNING * * *
The vampire mosquito draws strength from your injuries!
You closely miss the vampire mosquito.
The vampire mosquito is moderately damaged.
You feel sick.
You impale the blink frog!!
You feel the power of Trog in you as your rage grows.
You kill the blink frog!
Trog accepts your kill.
You feel sick. The vampire mosquito barely misses you.
The bullfrog closely misses you.
You thump the bullfrog!
Your tail-slap misses the bullfrog.
The bullfrog is severely wounded.
You feel sick. The bullfrog hits you.
* * * LOW HITPOINT WARNING * * *
The vampire mosquito closely misses you.
You impale the bullfrog!!
You kill the bullfrog!
Trog accepts your kill.
* * * LOW HITPOINT WARNING * * *
You feel sick.
The bullfrog hits you but does no damage.
The vampire mosquito closely misses you.
You hit the blink frog.
The blink frog is lightly wounded.
* * * LOW HITPOINT WARNING * * *
You feel sick.
You bludgeon the blink frog!!
Your tail-slap misses the blink frog.
The blink frog is severely wounded.
The bullfrog hits you but does no damage.
You block the vampire mosquito's attack.
The blink frog blinks!
You barely miss the blink frog.
* * * LOW HITPOINT WARNING * * *
You feel sick.
The blink frog hits you but does no damage.
You hit the blink frog.
The blink frog is lightly wounded.
You die...

P~~~~~≈~≈~~~~~
..~~~~~≈~~~~~
~.~~P~≈~~~~F###
.~.~≈~~≈~~~~~≈##
..~.~~~~~~~~~~~#
..~...~~~~~~~~~#
####..†~†~..~~~~
...###.Fy†.P....
.............###@§..PP~~
.............F.††F......
....P..........)†.......
....P..........††.......
........................
..............<.........
........................
....†..<................
........................


You could see 3 blink frogs, a vampire mosquito and a bullfrog.

Vanquished Creatures
  Snorg (Lair:5)
  A fire dragon (Lair:4)
  2 hydras
  Harold (D:9)
  Erica (D:9)
  Pikel (D:7)
  A deep elf pyromancer (D:9)
  13 elephants
  4 black mambas
  2 gargoyles
  13 cane toads
  8 komodo dragons
  2 rime drakes
  2 tyrant leeches (Lair:5)
  16 blink frogs
  2 shadows (D:10)
  2 wyverns
  30 yaks
  3 basilisks
  A steam dragon (D:7)
  6 vampire mosquitoes
  8 water moccasins
  8 orc warriors
  2 sky beasts
  5 ice beasts
  3 black bears
  10 wolves
  A lemure (D:7)
  2 centaurs
  A phantom (D:4)
  Blork the orc (D:6)
  12 bullfrogs
  3 gnoll sergeants
  3 kobold brigands
  3 scorpions
  6 wights (D:6)
  4 howler monkeys
  8 orc priests
  A jelly (D:8)
  2 hounds (D:6)
  An iguana (D:6)
  8 orc wizards
  A wolf simulacrum (Lair:2)
  14 gnolls
  10 adders
  A white imp (D:5)
  2 ufetubi
  4 worms
  3 dart slugs
  52 orcs
  12 ball pythons
  9 endoplasms
  3 giant cockroaches
  8 hobgoblins
  6 jackals
  22 kobolds
  3 quokkas
  10 bats
  10 frilled lizards
  13 goblins
  8 rats
395 creatures vanquished.

Vanquished Creatures (collateral kills)
  6 yaks (D:7)
  An ogre (D:7)
7 creatures vanquished.

Vanquished Creatures (others)
  An orc wizard (D:2)
  23 fungi
  48 plants
72 creatures vanquished.

Grand Total: 474 creatures vanquished

Notes
Turn   | Place    | Note
-------+----------+-------------------------------------------
     0 | D:1      | Laraso the Armataur Berserker began the quest for the Orb.
     0 | D:1      | Reached XP level 1. HP: 19/19 MP: 1/1
    81 | D:1      | Reached XP level 2. HP: 26/26 MP: 2/2
   294 | D:1      | Reached ** piety under Trog
   298 | D:1      | Reached XP level 3. HP: 30/32 MP: 3/3
   322 | D:1      | Found Ymit's Assorted Antiques.
   328 | D:1      | Bought a scroll labelled ICAARH ZALIGH for 29 gold pieces
  1123 | D:2      | Reached XP level 4. HP: 35/39 MP: 4/4
  1304 | D:2      | Reached skill level 5 in Maces & Flails
  1321 | D:2      | Reached XP level 5. HP: 30/44 MP: 5/5
  1772 | D:3      | Found a sacrificial altar of Ru.
  2229 | D:3      | Reached *** piety under Trog
  3080 | D:4      | Noticed a phantom
  3085 | D:4      | Killed a phantom
  3086 | D:4      | Reached XP level 6. HP: 53/53 MP: 6/6
  3767 | D:5      | Entered Level 5 of the Dungeon
  3923 | D:5      | Found a staircase to the Ecumenical Temple.
  4088 | D:5      | Noticed a gargoyle
  4105 | D:5      | Killed a gargoyle
  4106 | D:5      | Reached XP level 7. HP: 39/60 MP: 7/7
  4214 | D:5      | Found Xaefogoh's Armour Boutique.
  4215 | D:5      | Found Soaff's Armour Shoppe.
  4216 | D:5      | Found Hankovue's Distillery.
  4216 | D:5      | Found Kubip's Antique Armour Shop.
  4218 | D:5      | Found Neeptisch's Distillery.
  4218 | D:5      | Found Duguowof's Antique Armour Boutique.
  4409 | D:5      | Found an iron altar of Okawaru.
  4415 | D:5      | Found an opulent altar of Gozag.
  4420 | D:5      | Found a shadowy altar of Dithmenos.
  4660 | D:6      | Found a glowing drain.
  4801 | D:6      | Reached XP level 8. HP: 63/71 MP: 8/8
  4817 | Sewer    | Entered a sewer
  4830 | Sewer    | Reached **** piety under Trog
  5152 | D:6      | Reached skill level 5 in Fighting
  5498 | D:6      | Noticed Blork the orc
  5528 | D:7      | Reached XP level 9. HP: 32/79 MP: 9/9
  5535 | D:7      | Reached skill level 10 in Maces & Flails
  5669 | D:7      | Noticed Pikel
  5681 | D:7      | Killed Pikel
  5901 | D:7      | Found a flagged portal.
  5972 | Bailey   | Entered a bailey
  6164 | Bailey   | Noticed an orc knight
  7135 | D:7      | Reached XP level 10. HP: 76/86 MP: 10/10
  7988 | D:8      | Found Jeumiuja's Assorted Antiques.
  7988 | D:8      | You fall into a shaft and drop 3 floors!
  8012 | D:11     | Noticed hikkokomori's ghost (journeyman TeGl)
  8014 | D:11     | Noticed a necromancer
  8014 | D:11     | Noticed a deep elf pyromancer
  8045 | D:10     | Entered Level 10 of the Dungeon
  8112 | D:9      | Found a staircase to the Orcish Mines.
  8223 | D:9      | Noticed Harold
  8243 | D:9      | Killed Harold
  8499 | D:8      | Found a staircase to the Lair.
  8742 | D:6      | Killed Blork the orc
  9444 | D:9      | Noticed Erica
  9444 | D:9      | Noticed a deep elf pyromancer
  9463 | D:9      | Killed Erica
  9464 | D:9      | Reached skill level 5 in Armour
  9466 | D:9      | Killed a deep elf pyromancer
  9467 | D:9      | Reached XP level 11. HP: 94/94 MP: 11/11
  9713 | D:9      | Reached ***** piety under Trog
 11306 | D:11     | Noticed a death knight
 11306 | D:11     | Noticed a phantasmal warrior
 11306 | D:11     | Noticed a phantasmal warrior
 11343 | D:11     | Noticed Urug
 11421 | Lair:1   | Entered Level 1 of the Lair of Beasts
 11471 | Lair:1   | Received a gift from Trog
 12352 | Lair:1   | Reached skill level 10 in Armour
 12570 | Lair:2   | Found a frozen archway.
 12582 | Lair:2   | Noticed a six-headed hydra
 12609 | Lair:2   | Killed a six-headed hydra
 13061 | Lair:2   | Found a staircase to the Snake Pit.
 13082 | Lair:2   | Found a transporter.
 13124 | Lair:2   | Reached XP level 12. HP: 111/111 MP: 12/12
 13171 | Lair:2   | Found a staircase to the Shoals.
 13355 | Lair:2   | Noticed hikkokomori's ghost (journeyman AtFi)
 13499 | Lair:2   | Found a transporter.
 13547 | Lair:2   | Reached skill level 10 in Fighting
 13884 | Lair:3   | Reached skill level 1 in Evocations
 15698 | Lair:4   | Noticed a fire dragon
 15707 | Lair:4   | Killed a fire dragon
 15708 | Lair:4   | Reached skill level 5 in Dodging
 15708 | Lair:4   | Reached skill level 5 in Evocations
 15757 | Lair:4   | Identified the +6 rapier of Dissatisfaction {elec, rElec
                  | rPois Will++ Stlth-}
 16032 | Lair:4   | Found a staircase to the Slime Pits.
 16101 | Lair:4   | Reached XP level 13. HP: 84/120 MP: 13/13
 16520 | Lair:5   | Entered Level 5 of the Lair of Beasts
 16665 | Lair:5   | Received a gift from Trog
 16676 | Lair:5   | Noticed Snorg
 16689 | Lair:5   | Killed Snorg
 16738 | Lair:5   | HP: 9/180 [poisoned by a cane toad]
 16738 | Lair:5   | HP: 3/180 [bullfrog (6)]
 16742 | Lair:5   | HP: 1/180 [poisoned by a cane toad]
 16743 | Lair:5   | Succumbed to a cane toad's poison

Illustrated notes

Levels and vault maps discovered:
D:1:      lightli_arrival_noodles, layout_loops_ring, serial_shops, shop
D:2:      minmay_chambers_of_twos, layout_basic
D:3:      layout_loops_ring, lemuel_crystal_altar
D:4:      layout_layer_cave
D:5:      layout_basic, minmay_overflow_temple_star_quad,
          minmay_temple_entry_stoned_glass, nicolae_wooded_promenade
D:6:      layout_basic, cheibrodos_sewer_entry_sluice, uniq_blork_the_orc
D:7:      layout_rooms, enter_bailey_7, uniq_pikel
D:8:      layout_basic, grunt_lair_entry_orc_guard_hut, nicolae_stop_n_shop_2,
          blue_anna_alchemist
D:9:      corexii_shack_village, layout_stronghold, serial_column_ruins,
          column_ruins_grid_4, column_ruins_columns_dead_end,
          column_ruins_open_small, column_ruins_open_tiny, uniq_harold,
          uniq_erica
D:10:     layout_loops_ring
D:11:     layout_roguey, muffindrake_ghost_dual_entry,
          minmay_misc_feat_enclosed, uniq_urug, uniq_grum
Lair:1:   layout_regular_city, st_stairs_10
Lair:2:   layout_cave_pods, elwin_shoals_entry_rocks, dummy_snake_entry,
          portal_ice_cave_entry_ice_simulacra, nzn_ghost_randoct,
          infiniplex_staircase_pool_2
Lair:3:   layout_misc_corridors, serial_bayou_shore_b, grunt_megastairs_2
Lair:4:   dragon1_lemuel, layout_small_grid, slime_entry_1
Lair:5:   minmay_lair_end_frog_pond, layout_hall_layers, uniq_snorg

Skill      XL: |  1  2  3  4  5  6  7  8  9 10 11 12 13 |
---------------+----------------------------------------+-----
Maces & Flails | 3 4 5 6 7 9 12 14 | 14.0
Fighting       | 3 4 5 9 10 | 10.0
Armour         | 3 4 5 10 12 14 | 14.6
Dodging        | 2 3 5 |  5.0
Evocations     | 5 |  5.0

Action                     |  1- 3 |  4- 6 |  7- 9 | 10-12 | 13-15 || total
---------------------------+-------+-------+-------+-------+-------++-------
  Melee: Mace              |   122 |   186 |    20 |       |       ||   328
         Tailslap          |    12 |    21 |    39 |   108 |    20 ||   200
         Punch             |     1 |       |     1 |       |       ||     2
         Flail             |       |       |   293 |   403 |       ||   696
         Dire flail        |       |       |       |   401 |   135 ||   536
  Throw: Throwing net      |       |     1 |       |       |       ||     1
 Invoke: Trog's Hand       |       |     1 |     1 |       |       ||     2
         Berserk           |       |     3 |     5 |     8 |     1 ||    17
         Brothers in Arms  |       |       |     1 |       |       ||     1
    Use: Scroll            |     2 |    11 |     6 |    10 |     1 ||    30
   Stab: Sleeping          |     1 |     1 |       |       |       ||     2
 Armour: Animal skin       |    53 |    25 |       |       |       ||    78
         Ring mail         |       |    26 |       |       |       ||    26
         Plate armour      |       |       |   152 |       |       ||   152
         Crystal plate arm |       |       |    15 |   427 |    94 ||   536
  Dodge: Dodged            |    62 |   107 |   136 |   195 |    62 ||   562
  Block: Kite shield       |       |       |    77 |   153 |       ||   230
         Reflection        |       |       |       |     3 |       ||     3
         Other             |       |       |       |    43 |    45 ||    88

Table legend: (Time is in decaauts)
 A = Elapsed time spent in this place.
 B = Non-inter-level travel time spent in this place.
 C = Inter-level travel time spent in this place.
 D = Time resting spent in this place.
 E = Time spent auto-exploring this place.
 F = Levels seen in this place.
 G = Mean time per level.
                   A        B        C        D        E       F      G
               +--------+--------+--------+--------+--------+-----+--------+
         Total |  16673 |  15962 |    711 |   2991 |   9862 |  18 |  926.3 |
       Dungeon |  10369 |   9724 |    645 |   1578 |   6189 |  11 |  942.6 |
          Lair |   5102 |   5036 |     66 |    897 |   3466 |   5 | 1020.4 |
         Sewer |    302 |    302 |      0 |      0 |    185 |   1 |  302.0 |
        Bailey |    899 |    899 |      0 |    516 |     22 |   1 |  899.0 |
               +--------+--------+--------+--------+--------+-----+--------+

Top non-repeatable levels by time:
     D:4: 1352 daAuts
  Lair:3: 1336 daAuts
     D:9: 1311 daAuts
     D:6: 1236 daAuts
  Lair:4: 1233 daAuts
  Lair:1: 1211 daAuts
  Lair:2: 1165 daAuts
     D:8: 1111 daAuts
    D:10: 1071 daAuts
     D:2: 1064 daAuts
     D:7: 960 daAuts
  Bailey: 899 daAuts
     D:5: 754 daAuts
     D:1: 746 daAuts
     D:3: 698 daAuts
